 Dungeon Crawl Stone Soup version 0.23-a0-309-ge7838e6 (webtiles) character file.

253 MisterFreud the Ruffian (level 5, -1/40 HPs)
             Began as a Draconian Transmuter on Oct 11, 2018.
             Was a Follower of Cheibriados.
             Succumbed to a worker ant's poison
             ... on level 4 of the Dungeon.
             The game lasted 00:07:29 (2589 turns).

MisterFreud the Ruffian (Draconian Transmuter)      Turns: 2589, Time: 00:07:30

Health: -1/40      AC:  6    Str: 16    XL:     5   Next: 90%
Magic:  17/17      EV: 12    Int: 17    God:    Cheibriados [*.....]
Gold:   156        SH:  0    Dex: 14    Spells: 2/8 levels left

rFire    + . .     SeeInvis .     - Unarmed
rCold    . . .     Gourm    .   (no shield)
rNeg     . . .     Faith    .   (armour unavailable)
rPois    .         Spirit   .   (helmet restricted)
rElec    .         Reflect  .   (no cloak)
rCorr    .         Harm     .   (no gloves)
MR       .....                  n - +0 pair of boots
Stlth    +.........             (no amulet)
HPRegen  0.13/turn              g - ring of magical power
MPRegen  0.15/turn              p - ring of protection from fire

@: lethally poisoned (-1 -> -8), berserk cooldown, slowed, very slow
A: unfitting armour, cold-blooded, AC +5
a: Bend Time, Renounce Religion


You were on level 4 of the Dungeon.
You worshipped Cheibriados.
Cheibriados was aware of your devotion.
You were not hungry.

You visited 1 branch of the dungeon, and saw 4 of its levels.

You collected 156 gold pieces.

Inventory:

Missiles
 a - 9 arrows
 d - 199 stones (quivered)
 m - 18 sling bullets
 r - 15 bolts
Armour
 n - a +0 pair of boots (worn)
Jewellery
 g - a ring of magical power (left hand)
 p - a ring of protection from fire (right hand)
Wands
 f - a wand of polymorph (10)
Scrolls
 h - 6 scrolls of identify
 k - a scroll of enchant weapon
 l - 3 scrolls of remove curse
Potions
 b - a potion of might
 e - a potion of invisibility
 i - a potion of flight
Comestibles
 c - 6 rations
 q - a chunk of flesh


   Skills:
 - Level 1.1 Fighting
 - Level 1.7 Dodging
 + Level 6.5 Unarmed Combat
 - Level 2.0 Spellcasting
 + Level 2.4 Transmutations


You had 2 spell levels left.
You knew the following spells:

 Your Spells              Type           Power        Failure   Level  Hunger
a - Beastly Appendage     Tmut           ##....       7%          1    #......
b - Sticks to Snakes      Tmut           ##......     11%         2    ###....
c - Spider Form           Tmut/Pois      #.........   34%         3    ###....

Your spell library contained the following spells:

 Spells                   Type           Power        Failure   Level  Hunger
 Ice Form                 Ice/Tmut       #.......     75%         4    #####..
 Blade Hands              Tmut           ##........   89%         5    ######.


Dungeon Overview and Level Annotations

Branches:
Dungeon (4/15)             Temple (0/1) D:4

Altars:
Cheibriados
Makhleb
Sif Muna
Zin


Innate Abilities, Weirdness & Mutations

Your plain brown scales are hard. (AC +5)
You cannot fit into any form of body armour.
You are cold-blooded and may be slowed by cold attacks.


Message History

* * * LOW HITPOINT WARNING * * *
You feel sick.
* * * LOW HITPOINT WARNING * * *
You feel sick.
You feel your anger nearly subside.
You are no longer berserk.
You are exhausted.
You feel yourself slow down.
There is a lethal amount of poison in your body!
Okay, then.
Unknown command.
As you read the scroll of teleportation, it crumbles to dust.
You feel strangely unstable.
* * * LOW HITPOINT WARNING * * *
You feel sick.
* * * LOW HITPOINT WARNING * * *
You feel sick.
Your surroundings suddenly seem different.
* * * LOW HITPOINT WARNING * * *
You feel sick.
You die...

#.##.. #.# #... ##.##### #.#
#.#. ##...#### #.## #.#.
#.......# #### #...
##...#######⌠.⌠####...
##..##....+.>.+..).÷.
###.#.#.####⌠.⌠####... ..###..#
#### #... ###.#@### # #... #.##
##.. #.# #.. ##### ##.########
#.. #...## #.......>.. #..
#.#.. #..#######. #..
##...#######..# # #..
#..#..........# #.# #..
#....#######.########.#######..


There were no monsters in sight!

Vanquished Creatures
  A hound (D:4)
  Jessica (D:3)
  Natasha (twice) (D:4)
  2 worker ants (D:4)
  3 adders
  6 dart slugs
  2 leopard geckos
  6 orcs (D:3)
  3 giant cockroaches
  5 goblins
  7 hobgoblins
  3 quokkas
  3 ball pythons
  6 bats
  6 frilled lizards
  7 kobolds
  9 rats
72 creatures vanquished.

Notes
Turn   | Place    | Note
-------+----------+-------------------------------------------
     0 | D:1      | MisterFreud the Draconian Transmuter began the quest for
                  | the Orb.
     0 | D:1      | Reached XP level 1. HP: 16/16 MP: 3/3
   428 | D:1      | Reached XP level 2. HP: 23/23 MP: 5/5
   435 | D:1      | Learned a level 2 spell: Sticks to Snakes
   745 | D:2      | Reached skill level 4 in Unarmed Combat
   883 | D:2      | Reached XP level 3. HP: 28/28 MP: 6/6
   912 | D:2      | Found a burning altar of Makhleb.
   918 | D:2      | Found a glowing silver altar of Zin.
   918 | D:2      | Noticed an Executioner
   918 | D:2      | Noticed an angel
  1426 | D:2      | Found a snail-covered altar of Cheibriados.
  1521 | D:2      | Became a worshipper of Cheibriados the Contemplative
  1560 | D:3      | Noticed Jessica
  1571 | D:3      | Killed Jessica
  1571 | D:3      | Reached skill level 5 in Unarmed Combat
  1571 | D:3      | Reached XP level 4. HP: 35/35 MP: 7/7
  1858 | D:3      | Reached * piety under Cheibriados
  2042 | D:3      | Found a deep blue altar of Sif Muna.
  2332 | D:4      | Found a staircase to the Ecumenical Temple.
  2339 | D:4      | Noticed Natasha
  2353 | D:4      | Killed Natasha
  2353 | D:4      | Reached XP level 5. HP: 40/40 MP: 8/8
  2416 | D:4      | Reached skill level 6 in Unarmed Combat
  2486 | D:4      | Learned a level 3 spell: Spider Form
  2513 | D:4      | Noticed Natasha
  2522 | D:4      | Killed Natasha
  2587 | D:4      | HP: 2/40 [poisoned by a worker ant]
  2589 | D:4      | Succumbed to a worker ant's poison

Vault maps used:
D:1:      dpeg_arrival_concentric_ovals
D:2:      grunt_temple_overflow_order_and_chaos_2, cheibriados_altar_1
D:3:      nicolae_overflow_crystal_walls, uniq_jessica
D:4:      overflow_temple_1_default, temple_doors_e, first_ration,
          grunt_ministairs_10, uniq_natasha

Skill      XL: |  1  2  3  4  5 |
---------------+----------------+-----
Unarmed Combat | 4 5 6 |  6.5
Fighting       | |  1.1
Dodging        | |  1.7
Spellcasting   | |  2.0
Transmutations | |  2.4

Action                   |  1- 3 |  4- 6 || total
-------------------------+-------+-------++-------
Melee: Unarmed           |   131 |   111 ||   242
       Tailslap          |     9 |    21 ||    30
       Headbutt          |     2 |     4 ||     6
       Kick              |     2 |       ||     2
       Punch             |       |     2 ||     2
Throw: Stone             |     3 |       ||     3
 Cast: Beastly Appendage |    14 |     5 ||    19
       Sticks to Snakes  |       |     3 ||     3
  Use: Scroll            |     5 |     4 ||     9
       Potion            |       |     1 ||     1
 Stab: Sleeping          |       |     2 ||     2
  Eat: Chunk             |     2 |     3 ||     5
Armor: Skin              |    27 |    37 ||    64
Dodge: Dodged            |    92 |    60 ||   152

Table legend:
 A = Non-vault XP
 B = Vault XP
 C = Vault XP percentage of total XP
 D = Non-vault monster count
 E = Vault monster count
 F = Vault count percentage of total count
                 A         B        C        D         E       F
            +---------+---------+-------+---------+---------+-------
      Total |     303 |      59 |  16.3 |      69 |       3 |   4.2
            +---------+---------+-------+---------+---------+-------
        D:1 |      23 |       0 |   0.0 |      12 |       0 |   0.0
        D:2 |      51 |       0 |   0.0 |      23 |       0 |   0.0
        D:3 |      79 |      37 |  31.9 |      27 |       1 |   3.6
        D:4 |     150 |      22 |  12.8 |       7 |       2 |  22.2
            +---------+---------+-------+---------+---------+-------
